Map: Moondance

Players

KeyFinder

  • Race: Terran Terran
  • League: Silver
  • Spawn Location: 12:00

Exterminator - Winner!

  • Race: Zerg Zerg
  • League: Silver
  • Spawn Location: 6:00

VOD

Have the link to the VOD?

Description

Time

  • Played on: Oct. 27, 2022, 3:21 a.m.
  • Length: 18:12
Show
View Real Time Build Order
Export as new Build Order

KeyFinder Terran 

Build Orders:  

Get SALT Encoding   

  12  0:02  SCV  
  13  0:17  SCV  
  13  0:18  Supply Depot  
  14  0:27  Supply Depot  
  15  0:40  Barracks  
  14  0:44  SCV  
  15  0:50  Refinery  
  15  0:56  SCV  
  16  1:20  SCV  
  17  1:28  Marine  
  17  1:32  SCV  
  19  1:37  Refinery  
  19  1:44  SCV  
  19  1:45  Marine  
  21  1:55  Factory  
  21  1:56  SCV  
  22  2:09  SCV  
  22  2:13  Marine  
  24  2:21  SCV  
  25  2:30  Marine  
  26  2:39  Starport  
  26  2:40  Factory Tech Lab  
  26  2:45  SCV  
  26  2:48  Marine  
  28  2:59  Orbital Command  
  28  3:00  Siege Tank  
  31  3:06  Starport  
  31  3:16  Supply Depot  
  31  3:22  Supply Depot  
  31  3:25  Supply Depot  
  31  3:39  Supply Depot  
  31  3:41  Marine  
  31  3:44  Siege Tank  
  31  3:45  Starport Tech Lab  
  35  3:48  Starport Tech Lab  
  35  3:59  Marine  
  36  4:05  Fusion Core  
  36  4:39  Command Center  
  36  4:59  Battlecruiser  
  42  5:06  Engineering Bay  
  42  5:32  Sensor Tower  
  42  5:49  Siege Tank  
  45  5:50  Marine  
  46  6:08  Marine  
  47  6:14  Supply Depot  
  47  6:15  Weapon Refit  
  47  6:25  Marine  
  48  6:35  SCV  
  48  6:39  Engineering Bay  
  49  6:47  SCV  
  50  6:55  SCV  
  50  6:59  SCV  
  52  7:05  Battlecruiser  
  52  7:07  SCV  
  59  7:11  Marine, SCV  
  61  7:19  Supply Depot  
  61  7:20  Supply Depot, SCV  
  62  7:24  SCV  
  62  7:27  Refinery  
  62  7:29  Marine  
  64  7:32  SCV  
  64  7:36  SCV  
  66  7:44  SCV  
  67  7:47  Marine, Supply Depot  
  67  7:48  SCV  
  69  8:00  SCV  
  69  8:03  Supply Depot  
  70  8:08  Battlecruiser  
  76  8:17  Orbital Command  
  76  8:35  Barracks Reactor  
  76  8:47  Supply Depot  
  76  8:52  Supply Depot  
  76  8:55  Battlecruiser  
  82  8:57  Siege Tank  
  85  9:10  Supply Depot  
  85  9:18  Command Center  
  85  9:31  Supply Depot  
  85  9:43  Marine x2  
  87  9:55  Battlecruiser, Supply Depot  
  93  10:01  Marine x2  
  93  10:06  Missile Turret  
  95  10:07  Missile Turret  
  95  10:10  Missile Turret  
  95  10:13  Missile Turret  
  95  10:18  Supply Depot  
  95  10:19  Marine  
  96  10:25  Missile Turret  
  96  10:28  Armory  
  84  10:40  SCV  
  84  10:42  SCV  
  86  10:45  SCV  
  87  10:52  Barracks, SCV  
  87  10:54  SCV  
  89  10:57  SCV  
  89  11:02  Refinery  
  90  11:04  SCV  
  90  11:06  SCV  
  90  11:09  SCV  
  99  11:16  SCV  
  100  11:18  SCV  
  100  11:21  SCV  
  100  11:23  Marine  
  100  11:24  Marine  
  104  11:26  Ghost Academy  
  104  11:28  SCV  
  104  11:29  Cyclone  
  104  11:30  SCV  
  109  11:41  Marine  
  109  11:42  Marine  
  109  11:44  Orbital Command  
  117  11:50  Barracks Tech Lab  
  105  11:55  Raven  
  105  11:59  Marine x2  
  109  12:01  Cyclone  
  109  12:04  Nuke  
  112  12:16  Ghost Academy  
  112  12:17  Refinery, Marine x2  
  76  12:35  Marine x2  
  72  13:04  Sensor Tower  
  63  13:29  Missile Turret  
  75  13:36  Battlecruiser x2, Marine  
  75  13:38  Marine  
  75  13:39  Marine  
  75  13:41  Cyclone  
  81  13:47  Missile Turret  
  81  13:54  Marine  
  82  13:56  Marine  
  82  13:57  Marine  
  71  14:12  Marine  
  71  14:13  Cyclone  
  71  14:14  Marine x2  
  63  14:28  Personal Cloaking  
  63  14:30  Marine  
  57  14:32  Marine x2  
  57  14:40  Battlecruiser  
  57  14:41  Battlecruiser  
  57  14:45  Cyclone  
  72  14:48  Marine  
  72  14:50  Marine  
  71  15:05  Marine  
  72  15:17  Cyclone  
  43  15:36  Missile Turret  
  43  15:37  Missile Turret  
  43  15:38  Missile Turret x2  
  43  15:39  Missile Turret  
  43  15:40  Missile Turret x3  
  43  15:41  Missile Turret  
  43  15:42  Missile Turret x2  
  43  15:44  Missile Turret x2  
  43  15:45  Missile Turret  
  43  15:46  Missile Turret  
  43  15:49  Cyclone  
  41  15:56  Missile Turret  
  30  15:58  Missile Turret  
Show
View Real Time Build Order
Export as new Build Order

Exterminator Zerg - Winner!

Build Orders: Pool First, Zergling Baneling 

Get SALT Encoding   

  12  0:01  Drone  
  13  0:13  Overlord  
  13  0:17  Drone  
  14  0:36  Spawning Pool  
  14  0:39  Drone  
  14  0:43  Drone  
  14  0:47  Drone  
  16  0:51  Drone  
  17  1:17  Hatchery  
  16  1:20  Drone  
  16  1:24  Drone  
  18  1:33  Queen  
  18  1:37  Extractor  
  19  1:40  Drone  
  19  1:43  Drone  
  21  1:55  Extractor  
  21  1:58  Drone x2  
  22  2:22  Overlord  
  22  2:28  Baneling Nest  
  21  2:33  Queen  
  23  2:37  Zergling x6  
  23  2:41  Zergling x4  
  23  2:43  Zergling x6  
  31  2:52  Metabolic Boost  
  31  3:00  Drone x2  
  31  3:03  Drone  
  34  3:05  Drone  
  35  3:17  Drone  
  35  3:19  Overlord  
  36  3:36  Evolution Chamber  
  36  3:37  Drone x3  
  36  3:38  Drone x2  
  40  3:49  Zergling x6  
  40  3:51  Zergling x2  
  44  3:56  Overlord  
  44  4:05  Baneling x4  
  44  4:06  Baneling x2  
  44  4:07  Baneling  
  44  4:08  Baneling  
  44  4:13  Baneling x2  
  44  4:14  Baneling x3  
  44  4:22  Spore Crawler  
  44  4:23  Spore Crawler  
  42  4:28  Spore Crawler  
  41  4:31  Drone  
  41  4:32  Spore Crawler  
  41  4:34  Drone  
  35  5:00  Lair  
  35  5:06  Spore Crawler  
  34  5:07  Spore Crawler  
  34  5:08  Spore Crawler  
  34  5:09  Drone  
  34  5:11  Drone x5  
  38  5:17  Zerg Melee Weapons Level 1  
  39  5:21  Drone  
  39  5:29  Drone  
  39  5:30  Drone x2  
  39  5:33  Drone  
  44  5:35  Drone  
  44  5:38  Drone  
  45  5:43  Drone  
  45  5:44  Drone x2  
  48  6:00  Hatchery  
  47  6:06  Spire  
  47  6:11  Infestation Pit  
  45  6:13  Zergling x4  
  45  6:14  Zergling x2  
  45  6:16  Zergling x2  
  45  6:17  Zergling x2  
  50  6:18  Zergling x2  
  51  6:30  Zergling x2, Overlord  
  51  6:31  Overlord  
  52  6:42  Extractor, Drone  
  52  6:44  Extractor  
  51  6:48  Hive  
  51  6:52  Overseer  
  51  7:02  Drone  
  51  7:03  Drone x8  
  60  7:18  Corruptor  
  60  7:19  Corruptor x3  
  68  7:24  Baneling x2  
  68  7:25  Baneling x3  
  68  7:34  Drone x3  
  68  7:35  Drone x3  
  74  7:43  Overlord  
  74  8:01  Queen  
  74  8:02  Corruptor  
  74  8:03  Corruptor x2  
  74  8:04  Overlord  
  82  8:09  Greater Spire  
  82  8:17  Extractor  
  81  8:24  Baneling  
  81  8:25  Baneling x3  
  81  8:33  Corruptor  
  81  8:34  Hatchery  
  82  8:47  Corruptor x2  
  86  8:56  Corruptor  
  86  9:01  Extractor  
  87  9:06  Extractor  
  86  9:21  Overseer  
  86  9:48  Corruptor x4, Queen  
  76  10:40  Centrifugal Hooks  
  76  10:43  Corruptor  
  76  10:44  Corruptor x9  
  76  10:45  Overlord x2  
  76  10:46  Overlord  
  96  11:07  Zergling x10  
  96  11:08  Zergling x8, Overlord  
  96  11:09  Overlord x2  
  105  11:16  Corruptor x5  
  105  11:17  Corruptor x2  
  119  11:24  Baneling  
  119  11:25  Baneling x13  
  119  11:36  Drone x5  
  119  11:37  Drone  
  125  11:45  Zerg Flyer Weapons Level 1  
  125  12:09  Overseer  
  125  12:19  Corruptor x3  
  106  12:37  Zergling x2  
  106  12:38  Zergling x32  
  106  12:39  Zergling x12  
  121  12:53  Zergling x2  
  121  12:54  Zergling x20  
  132  12:59  Adrenal Glands  
  109  13:26  Brood Lord x4  
  109  13:27  Brood Lord  
  119  13:28  Corruptor x4  
  127  13:38  Zergling x2  
  127  13:39  Zergling x10  
  133  13:46  Baneling x7  
  133  13:47  Baneling x4  
  123  14:40  Corruptor x9  
  123  14:41  Corruptor  
  143  15:06  Overlord x3  
  141  15:21  Baneling  
  141  15:22  Baneling x2  
  141  15:28  Brood Lord  
  141  15:29  Brood Lord x2  
  144  17:07  Corruptor  
  144  17:08  Corruptor x11  
Tags
 
Matchup
TvZ
Opening
Pool First
Spawn Locations
Cross Positions
Add a new tag
Caveats
  • Supply blocks, unpowered buildings, or Contaminate may cause inaccurate times.
  • Supply counts are checked every 10 seconds.